 Dungeon Crawl Stone Soup version 0.27.1-33-g824d729ab1 (webtiles) character file.

Game seed: 3658860328264550753

235 McKennaii the Poker (level 5, -2/41 HPs)
             Began as a Demigod Warper on Dec 3, 2021.
             Slain by an orc (3 damage)
             ... on level 3 of the Dungeon.
             The game lasted 00:06:04 (4993 turns).

McKennaii the Poker (Demigod Warper)                Turns: 4993, Time: 00:06:04

Health: -2/41      AC:  9    Str: 16    XL:     5   Next: 47%
Magic:  4/10       EV: 10    Int: 15    God:
Gold:   127        SH:  0    Dex: 13    Spells: 5/7 levels left

rFire    + . .     SeeInvis .   a - +0 spear
rCold    . . .     Faith    .   (no shield)
rNeg     + . .     Spirit   .   l - +3 scale mail {rF+}
rPois    .         Reflect  .   (no helmet)
rElec    .         Harm     .   (no cloak)
rCorr    .         Rampage  .   (no gloves)
Will     .....                  (no boots)
Stlth    ..........             (no amulet)
HPRegen  0.13/turn              j - ring of positive energy
MPRegen  0.12/turn              (no ring)

@: very slightly contaminated
A: high mp 1, forlorn
a: no special abilities


You were on level 3 of the Dungeon.
You visited 1 branch of the dungeon, and saw 4 of its levels.

You collected 127 gold pieces.

Inventory:

Hand Weapons
 a - a +0 spear (weapon)
Missiles
 d - 5 boomerangs of dispersal (quivered)
Armour
 l - a +3 scale mail of fire resistance (worn)
Jewellery
 j - a ring of positive energy (left hand)
Scrolls
 b - a scroll of noise {unknown}
 c - 2 scrolls of blinking
 e - a scroll of fear {unknown}
 f - 2 scrolls of identify {unknown}
 g - a scroll of summoning {unknown}
 k - a scroll of acquirement {unknown}
 m - a scroll of amnesia {unknown}


   Skills:
 - Level 1.7 Fighting
 - Level 5.0 Polearms
 - Level 0.8 Throwing
 + Level 2.5 Armour
 - Level 1.7 Dodging
 - Level 1.7 Spellcasting
 - Level 2.6 Translocations


You had 5 spell levels left.
You knew the following spells:

 Your Spells              Type           Power      Damage    Failure   Level
b - Blink                 Tloc           N/A        N/A       38%         2

Your spell library contained the following spells:

 Spells                   Type           Power      Damage    Failure   Level
 Gell's Gravitas          Tloc           4%         N/A       63%         3
 Lesser Beckoning         Tloc           4%         N/A       63%         3
 Teleport Other           Tloc           9%         N/A       63%         3
 Static Discharge         Conj/Air       1%         N/A       77%         2
 Dispel Undead            Necr           1%         3d6       100%        4
 Sticky Flame             Conj/Fire      1%         2d3       100%        4
 Manifold Assault         Tloc           9%         N/A       100%        5


Dungeon Overview and Level Annotations

Branches:
Dungeon (4/15)
 Temple: D:4-7

Annotations:
D:2 Grinder


Innate Abilities, Weirdness & Mutations

Your attributes grow dramatically as you level up.
You have an increased reservoir of magic. (+10% MP)
You shall have no god before yourself.


Message History

The orc priest mumbles some strange prayers to Beogh against you.
Beogh smites you!
* * * LOW HITPOINT WARNING * * *
The orc hits you but does no damage.
Your scale mail prevents you from hitting the orc priest.
The orc priest is almost dead.
The orc priest hits you but does no damage.
You closely miss the orc priest.
The orc priest is almost dead.
The orc closely misses you.
The orc priest mumbles some strange prayers to Beogh against you.
Pain shoots through your body!
* * * LOW HITPOINT WARNING * * *
You barely miss the orc priest.
The orc priest is almost dead.
The orc closely misses you.
You barely miss the orc priest.
The orc priest is almost dead.
The orc priest invokes the aid of Beogh against you.
Pain shoots through your body!
* * * LOW HITPOINT WARNING * * *
The orc barely misses you.
You hit the orc priest.
You kill the orc priest!
The orc barely misses you.
Things that are here:
a +0 dagger; a +0 ring mail; an orc corpse
Casting: Blink (dangerous; 38% risk of failure)
Confirm with . or Enter, or press ? or * to list all spells.
You miscast Blink.
You are very lightly contaminated with residual magic.
Nothing appears to happen.
The orc hits you but does no damage.
Casting: Blink (dangerous; 38% risk of failure)
Confirm with . or Enter, or press ? or * to list all spells.
You miscast Blink.
Nothing appears to happen.
The orc completely misses you.
Casting: Blink (dangerous; 38% risk of failure)
Confirm with . or Enter, or press ? or * to list all spells.
You miscast Blink.
Nothing appears to happen.
The orc hits you with a +0 dagger.
You die...

# #(##.#....# #..# ##
####.##...#### #..#
.###.##.###.## #..#
.##.#.#.# #.# ##.#
...###..# #.# #.#
###)#.#.###.####### #.#
# ##(.............# #.#
####........#####.###.#
.............)..[....#
##....########.#####
####.# #.# #.########.#
#..........#
############


You could see an orc.

Vanquished Creatures
  A water moccasin skeleton (D:3)
  An orc priest (D:3)
  An iguana (D:3)
  A killer bee zombie (D:4)
  A gnoll (D:1)
  An adder (D:2)
  2 worms (D:2)
  5 dart slugs
  3 orcs
  7 ball pythons
  5 endoplasms
  A giant cockroach (D:1)
  4 goblins
  8 hobgoblins
  5 jackals
  12 kobolds
  4 quokkas
  4 bats
  5 frilled lizards (D:1)
  2 rats
73 creatures vanquished.

Notes
Turn   | Place    | Note
-------+----------+-------------------------------------------
     0 | D:1      | McKennaii the Demigod Warper began the quest for the Orb.
     0 | D:1      | Reached XP level 1. HP: 17/17 MP: 5/5
   108 | D:1      | Reached skill level 2 in Polearms
   316 | D:1      | Reached XP level 2. HP: 24/24 MP: 7/7
   462 | D:1      | Reached skill level 3 in Polearms
   717 | D:1      | Reached XP level 3. HP: 9/29 MP: 8/8
  1982 | D:2      | Reached skill level 4 in Polearms
  1999 | D:2      | Learned a level 2 spell: Blink
  2457 | D:2      | Reached XP level 4. HP: 34/36 MP: 9/9
  2790 | D:3      | Noticed Grinder
  2796 | D:2      | Paralysed by Grinder for 5 turns
  2857 | D:2      | Paralysed by Grinder for 7 turns
  3996 | D:4      | Reached skill level 5 in Polearms
  3996 | D:4      | Reached skill level 1 in Armour
  3996 | D:4      | Reached XP level 5. HP: 32/41 MP: 10/10
  4987 | D:3      | HP: 1/41 [orc priest/nerve-wracking pain (2)]
  4993 | D:3      | Slain by an orc

Illustrated notes

Levels and vault maps discovered:
D:1:      grunt_arrival_crossed_arrows, layout_loops_ring,
          basic_ecumenical_altar
D:2:      layout_basic, chequers_serial_rivers_large_b
D:3:      layout_loops_ring, lemuel_tele_altar, minivault_19, minivault_25,
          uniq_grinder
D:4:      layout_gridville, minmay_temple_entry_butterflies

Skill      XL: |  1  2  3  4  5 |
---------------+----------------+-----
Polearms       | 2 3 4 5 |  5.0
Armour         | 1 2 |  2.5
Fighting       | |  1.7
Throwing       | |  0.8
Dodging        | |  1.7
Spellcasting   | |  1.7
Translocations | |  2.6

Action                   |  1- 3 |  4- 6 || total
-------------------------+-------+-------++-------
Melee: Spear             |   253 |   196 ||   449
 Cast: Blink             |       |     1 ||     1
  Use: Potion            |       |     3 ||     3
 Stab: Sleeping          |     3 |       ||     3
Armor: Leather armour    |    28 |       ||    28
       Scale mail        |    39 |    77 ||   116
Dodge: Dodged            |   116 |    64 ||   180
